 Dungeon Crawl Stone Soup version 0.29-a0-322-g68df515428 (webtiles) character file.

Game seed: 5612172541229137646

1192 spiderkeys the Ducker (level 8, -3/42 HPs)
             Began as a Spriggan Abyssal Knight on Apr 9, 2022.
             Was an Elder of Lugonu.
             Slain by an ogre
             ... wielding a +0 giant spiked club
              (30 damage)
             ... on level 6 of the Dungeon.
             The game lasted 00:11:31 (6132 turns).

spiderkeys the Ducker (Spriggan Abyssal Knight)     Turns: 6132, Time: 00:11:31

Health: -3/42      AC:  6    Str: 12    XL:     8   Next: 20%
Magic:  11/11      EV: 18    Int: 20    God:    Lugonu [****..]
Gold:   223        SH:  0    Dex:  9    Spells: 5/7 levels left

rFire   + . .      SeeInvis +   y - +2 dagger (drain)
rCold   . . .      Faith    .   (no shield)
rNeg    . . .      Spirit   .   G - +1 robe of Guajol {Int+8 Dex-4 Archmagi}
rPois   .          Reflect  .   (helmet restricted)
rElec   +          Harm     .   g - +2 cloak
rCorr   .          Rampage  .   (gloves unavailable)
Will    +....      Archmagi +   (boots unavailable)
Stlth   +++.......              o - amulet of magic regeneration
HPRegen 0.14/turn               x - ring "Kuapo" {Wiz rElec rF+ Str+3 Dex-4}
MPRegen 0.52/turn               Z - ring of wizardry

@: very quick
A: very small, no large weapons, unfitting armour, see invisible, speed 3
a: Renounce Religion, Depart the Abyss, Bend Space, Banish, Corrupt


You were on level 6 of the Dungeon.
You worshipped Lugonu.
Lugonu was greatly pleased with you.
You visited 1 branch of the dungeon, and saw 7 of its levels.
You visited the Abyss 1 time.

You collected 223 gold pieces.


Innate Abilities, Weirdness & Mutations

You are very small and have problems with some larger weapons.
You are too small for most types of armour.
You have supernaturally acute eyesight. (SInv)
You cover ground extremely quickly. (Speed+++)


   Skills:
 + Level 4.4 Fighting
 + Level 5.3 Short Blades
 + Level 6.6 Dodging
 + Level 5.8 Stealth
 - Level 3.0 Invocations
 + Level 4.7 Evocations


You had 5 spell levels left.
You knew the following spells:

 Your Spells              Type           Power      Damage    Failure   Level
s - Searing Ray           Conj           0%         2d4       8%          2

Your spell library contained the following spells:

 Spells                   Type           Power      Damage    Failure   Level
 Magic Dart               Conj           0%         1d3       5%          1
 Fulminant Prism          Conj/Hex       0%         3d6       41%         4

Inventory:

Hand Weapons
 a - a +1 short sword
 f - a +1 dagger of protection
   (You took it off a goblin on level 1 of the Dungeon)
 y - a +2 dagger of draining (weapon)
   (You took it off an orc on level 5 of the Dungeon)
Missiles
 i - 168 stones
 j - 10 poisoned darts
 p - 2 curare-tipped darts {=f}
 v - 2 boomerangs
Armour
 b - a +0 robe
 g - a +2 cloak (worn)
   (You found it on level 1 of the Dungeon)
 u - a +0 robe
   (You took it off Pikel on level 4 of the Dungeon)
 z - a +0 robe
   (You took it off an orc wizard on level 5 of the Dungeon)
 C - a +0 robe
   (You took it off an orc wizard on level 6 of the Dungeon)
 D - a +0 robe
   (You took it off an orc wizard on level 6 of the Dungeon)
 G - the +1 robe of Guajol (worn) {Int+8 Dex-4 Archmagi}
   (You found it on level 6 of the Dungeon)

   Int:       It affects your intelligence (+8).
   Dex:       It affects your dexterity (-4).
   Archmagi:  It increases the power of your magical spells.
Magical Staves
 d - a staff of cold {!a}
   (You found it on level 1 of the Dungeon)
 A - a staff of cold {!a}
   (You found it on level 6 of the Dungeon)
 E - a staff of air {!a}
   (You found it on level 6 of the Dungeon)
Jewellery
 o - an amulet of magic regeneration (around neck)
   (You found it on level 2 of the Dungeon)
 x - the ring "Kuapo" (left hand) {Wiz rElec rF+ Str+3 Dex-4}
   (You found it on level 5 of the Dungeon)

   [ring of wizardry]

   It improves your spell success rate.
   Str:       It affects your strength (+3).
   Dex:       It affects your dexterity (-4).
   rF:        It protects you from fire.
   rElec:     It insulates you from electricity.
 L - a ring of flight
   (You found it on level 5 of the Dungeon)
 Z - a ring of wizardry (right hand)
   (You found it on level 5 of the Dungeon)
Wands
 q - a wand of iceblast (7)
   (You took it off Ijyb on level 3 of the Dungeon)
Scrolls
 c - a scroll of vulnerability {!r!r}
 h - a scroll of blinking {!r}
 k - a scroll of silence {!r}
 n - a scroll of teleportation {@r4}
 t - 2 scrolls of amnesia
 B - a scroll of torment {!r}
 F - a scroll of fog {unknown}
Potions
 e - 3 potions of curing {@q1}
 l - 2 potions of cancellation {unknown}
 m - a potion of might
 r - a potion of flight {unknown}
 s - 3 potions of haste {unknown}
 w - a potion of lignification {unknown}

Dungeon Overview and Level Annotations

Branches:
Dungeon (7/15)
 Temple: D:4-7

Altars:

...........#
...........# #...(.((..
...........# #.........
...........# ##.........
..........## #..........
..........# ##....(.....
.........## #..(.(......
.........# #...O.......
........## #...@.....S.
........## ##...........
....<....###............
.......#..##............
####....................
##...................
##..###...............
###..## ###.............
#...## ###........


You could see an ogre (very poisoned, slow) and an adder.


Message History

Lugonu accepts your kill.
The necrophage hits you but does no damage.
You barely miss the necrophage.
The necrophage completely misses you. 😕 HP[+1]
You hit the necrophage. You hit the necrophage.
The necrophage barely misses you.
You hit the necrophage. The necrophage misses you.
You closely miss the necrophage. The necrophage misses you.
You hit the necrophage but do no damage.
You barely miss the necrophage. The necrophage hits you. 😕 HP[-1]
You take 1 damage, and now have 38/42 hp.
You closely miss the necrophage. The necrophage closely misses you.
You closely miss the necrophage. The necrophage hits you.
You feel drained. 😕 HP[-7]
You now have 41 max hp (-1).
You take 7 damage, and now have 31/41 hp.
You hit the necrophage. 😕 HP[+1]
You closely miss the necrophage.
The necrophage hits you but does no damage.
You barely miss the necrophage. The necrophage misses you.
You barely miss the necrophage. The necrophage closely misses you.
You closely miss the necrophage. You hit the necrophage.
The necrophage hits you. 😕 HP[-1]
You take 1 damage, and now have 31/41 hp.
You hit the necrophage but do no damage.
The necrophage closely misses you.
You hit the necrophage. The necrophage misses you.
You hit the necrophage.
You punch the necrophage, but do no damage.
You barely miss the necrophage. The necrophage misses you.
You hit the necrophage but do no damage.
The necrophage hits you but does no damage. 😕 HP[+1]
You hit the necrophage but do no damage.
The necrophage barely misses you.
You hit the necrophage. You closely miss the necrophage.
The necrophage barely misses you.
You hit the necrophage. The necrophage hits you. 😮 HP[-4]
You take 4 damage, and now have 28/41 hp.
You barely miss the necrophage. The necrophage barely misses you.
You hit the necrophage. You hit the necrophage. The necrophage hits you.
You feel drained. 😮 HP[-3]
You now have 40 max hp (-1).
You take 3 damage, and now have 25/40 hp.
You hit the necrophage. The necrophage misses you.
You barely miss the necrophage.
The necrophage hits you but does no damage.
You hit the necrophage but do no damage.
The necrophage barely misses you. 😮 HP[+1]
You closely miss the necrophage.
You hit the necrophage but do no damage.
The necrophage barely misses you.
You hit the necrophage. The necrophage completely misses you.
You hit the necrophage but do no damage.
The necrophage hits you but does no damage.
You hit the necrophage.
You hit the necrophage but do no damage.
The necrophage hits you but does no damage.
An ogre comes into view. It is wielding a +0 giant spiked club.
The ogre shouts!
You hit the necrophage.
You destroy the necrophage!
Lugonu accepts your kill.
Your life force feels restored.
You now have 42 max hp (+2).
Throw: 13 darts (poison)
Press: ? - help, Shift-Dir - straight line, f - ogre
Aim: an ogre, wielding a +0 giant spiked club (72% to hit)
You throw a poisoned dart.
The poisoned dart closely misses the ogre. 😮 HP[+1] Throw: 3 darts (curare) {=f}
Press: ? - help, Shift-Dir - straight line, f/p - ogre
Aim: an ogre, wielding a +0 giant spiked club (72% to hit)
You throw a curare-tipped dart {=f}.
The curare-tipped dart {=f} hits the ogre.
The ogre is poisoned.
The ogre convulses.
The ogre seems to slow down.
Throw: 12 darts (poison)
Press: ? - help, Shift-Dir - straight line, f/p - ogre
Aim: an ogre, wielding a +0 giant spiked club (lightly wounded, very poisoned, slow, 72% to hit)
You throw a poisoned dart. The poisoned dart hits the ogre.
Throw: 11 darts (poison)
Press: ? - help, Shift-Dir - straight line, f/p - ogre
Aim: an ogre, wielding a +0 giant spiked club (moderately wounded, very poisoned, slow, 72% to hit)
You throw a poisoned dart.
The poisoned dart barely misses the ogre.
An adder comes into view.
The adder hisses angrily.
You hit the ogre.
The ogre hits you with a +0 giant spiked club!!
Ouch! That really hurt!
You die...

Skill      XL: |  1  2  3  4  5  6  7 |
---------------+----------------------+-----
Invocations    | 2 3 |  3.0
Dodging        | 4 5 6 |  6.6
Short Blades   | 3 4 5 |  5.3
Fighting       | 3 4 |  4.4
Stealth        | 1 4 5 |  5.8
Evocations     | 1 3 4 |  4.7

Action                   |  1- 3 |  4- 6 |  7- 9 || total
-------------------------+-------+-------+-------++-------
Melee: Short sword       |    27 |       |       ||    27
       Dagger            |   139 |   182 |   270 ||   591
       Punch             |     1 |     5 |     5 ||    11
Throw: Dart              |       |     9 |    22 ||    31
       Boomerang         |       |     2 |       ||     2
Evoke: Wand              |       |     4 |     1 ||     5
  Use: Scroll            |       |     8 |     2 ||    10
 Stab: Sleeping          |       |     3 |     1 ||     4
Armor: Robe              |    33 |    30 |    51 ||   114
Dodge: Dodged            |   135 |   130 |   188 ||   453

Levels and vault maps discovered:
D:1:      onia_arrival_mini_spirals, layout_basic
D:2:      layout_rooms, interstate_on_off, minmay_misc_feat_more_columns
D:3:      layout_basic, roderic_lattice_a, uniq_ijyb
D:4:      layout_rooms, uniq_pikel
D:5:      layout_loops_cross, corexii_hall_statues_deadend
D:6:      layout_cave_pods, minmay_temple_entry_trees
D:7:      lemuel_insect_pit, layout_loops_ring, kennysheep_generic_room_2

Notes
Turn   | Place    | Note
-------+----------+-------------------------------------------
     0 | Abyss:1  | spiderkeys the Spriggan Abyssal Knight began the quest for
                  | the Orb.
     0 | Abyss:1  | Reached XP level 1. HP: 11/11 MP: 3/3
     0 | Abyss:1  | magus.rc [v1.11.3]
    19 | D:1      | You pass through the gate.
    19 | D:1      | Escaped the Abyss
   233 | D:1      | Reached skill level 2 in Invocations
   299 | D:1      | Reached XP level 2. HP: 16/16 MP: 4/4
  1154 | D:1      | You pick up a book of Conjurations and begin reading...
  1154 | D:1      | You add the spells Magic Dart, Searing Ray and Fulminant
                  | Prism to your library.
  1205 | D:2      | Reached XP level 3. HP: 19/19 MP: 5/5
  1295 | D:2      | Reached *** piety under Lugonu
  1481 | D:2      | Reached skill level 4 in Dodging
  1537 | D:2      | Reached skill level 3 in Short Blades
  1696 | D:2      | Reached XP level 4. HP: 23/23 MP: 6/6
  2118 | D:3      | Noticed Ijyb
  2133 | D:3      | Killed Ijyb
  2134 | D:3      | Reached skill level 3 in Fighting
  2515 | D:3      | Noticed a necrophage
  2597 | D:3      | Reached skill level 1 in Stealth
  3331 | D:4      | Reached skill level 1 in Evocations
  3331 | D:4      | Reached XP level 5. HP: 12/28 MP: 8/8
  3684 | D:4      | Noticed a lemure
  3688 | D:4      | Noticed a lemure
  3941 | D:4      | Noticed a phantom
  3959 | D:4      | Killed a phantom
  3960 | D:4      | Reached skill level 2 in Stealth
  3960 | D:4      | Reached skill level 3 in Invocations
  4140 | D:4      | Noticed Pikel
  4145 | D:4      | Noticed a lemure
  4149 | D:4      | Killed Pikel
  4150 | D:4      | Reached skill level 4 in Short Blades
  4150 | D:4      | Reached skill level 5 in Dodging
  4150 | D:4      | Reached skill level 4 in Stealth
  4150 | D:4      | Reached skill level 3 in Evocations
  4150 | D:4      | Reached XP level 6. HP: 33/33 MP: 9/9
  4150 | D:4      | Reached XP level 7. HP: 37/37 MP: 10/10
  4509 | D:4      | Reached skill level 4 in Fighting
  4611 | D:5      | Entered Level 5 of the Dungeon
  4734 | D:5      | Identified the ring "Kuapo" {Wiz rElec rF+ Str+3 Dex-4}
  4787 | D:5      | Reached skill level 6 in Dodging
  5035 | D:5      | Reached skill level 5 in Stealth
  5035 | D:5      | Reached skill level 4 in Evocations
  5125 | D:5      | Learned a level 2 spell: Searing Ray
  5255 | D:5      | You fall into a shaft and drop 2 floors!
  5359 | D:5      | Reached skill level 5 in Short Blades
  5504 | D:5      | Reached XP level 8. HP: 29/42 MP: 11/11
  5899 | D:6      | Reached **** piety under Lugonu
  6021 | D:6      | Identified the +1 robe of Guajol {Int+8 Dex-4 Archmagi}
  6132 | D:6      | Slain by an ogre

Vanquished Creatures
  Pikel (D:4)
  2 phantoms
  A bullfrog (D:6)
  A necrophage (D:6)
  A gnoll sergeant (D:5)
  2 hounds (D:5)
  2 iguanas (D:4)
  3 orc wizards
  Ijyb (D:3)
  4 gnolls (D:5)
  3 adders
  An ufetubus (D:4)
  2 worms
  A dart slug (D:3)
  10 orcs
  11 endoplasms
  4 giant cockroaches
  9 goblins
  7 hobgoblins
  6 jackals
  3 quokkas
  11 ball pythons
  3 bats
  A frilled lizard (D:1)
  8 kobolds
  5 rats
103 creatures vanquished.

Table legend:
 A = Non-vault XP
 B = Vault XP
 C = Vault XP percentage of total XP
 D = Non-vault monster count
 E = Vault monster count
 F = Vault count percentage of total count
                 A         B        C        D         E       F
            +---------+---------+-------+---------+---------+-------
      Total |    1017 |     686 |  40.3 |     101 |       2 |   1.9
            +---------+---------+-------+---------+---------+-------
        D:1 |      38 |       0 |   0.0 |      23 |       0 |   0.0
        D:2 |      68 |       0 |   0.0 |      24 |       0 |   0.0
        D:3 |      39 |      35 |  47.3 |      18 |       1 |   5.3
        D:4 |     221 |     651 |  74.7 |      16 |       1 |   5.9
        D:5 |     390 |       0 |   0.0 |      13 |       0 |   0.0
        D:6 |     261 |       0 |   0.0 |       7 |       0 |   0.0
            +---------+---------+-------+---------+---------+-------

Illustrated notes

Table legend:
 A = Kills in this place as a percentage of kills in entire the game.
 B = Kills by you in this place as a percentage of kills by you in the entire game.
 C = Kills by friends in this place as a percentage of kills by friends in the entire game.
 D = Other kills in this place as a percentage of other kills in the entire game.
 E = Experience gained in this place as a percentage of experience gained in the entire game.
 F = Experience gained in this place divided by the number of levels of this place that you have seen.
                   A       B       C       D       E      F
               +-------+-------+-------+-------+-------+----------------------
         Total | 100.0 | 100.0 |   N/A |   N/A | 100.0 | 212.9
       Dungeon | 100.0 | 100.0 |   N/A |   N/A | 100.0 | 243.3
               +-------+-------+-------+-------+-------+----------------------

Table legend: (Time is in decaauts)
 A = Elapsed time spent in this place.
 B = Non-inter-level travel time spent in this place.
 C = Inter-level travel time spent in this place.
 D = Time resting spent in this place.
 E = Time spent auto-exploring this place.
 F = Levels seen in this place.
 G = Mean time per level.
                   A        B        C        D        E       F      G
               +--------+--------+--------+--------+--------+-----+--------+
         Total |   4605 |   4467 |    138 |   1185 |   2291 |   8 |  575.6 |
       Dungeon |   4593 |   4455 |    138 |   1185 |   2285 |   7 |  656.1 |
         Abyss |     11 |     11 |      0 |      0 |      6 |   1 |   11.0 |
               +--------+--------+--------+--------+--------+-----+--------+

Top non-repeatable levels by time:
     D:3: 1198 daAuts
     D:1: 865 daAuts
     D:5: 823 daAuts
     D:4: 752 daAuts
     D:2: 675 daAuts
     D:6: 273 daAuts
 Abyss:1: 11 daAuts
     D:7: 5 daAuts
